 Dungeon Crawl Stone Soup version bcrawl-1.41 (webtiles) character file.

Game seed: 8672009488000658226

197963 yrara the Cudgeler (level 7, 0/55 HPs)
             Began as a Demonspawn Fighter on Mar 28, 2024.
             Slain by a kobold (2 damage)
             ... on level 4 of the Dungeon.
             The game lasted 00:03:58 (3761 turns).

yrara the Cudgeler (Demonspawn Fighter)             Turns: 3761, Time: 00:03:59

Health: 0/55       AC: 12    Str: 15 (18) XL:     7   Next: 8%
Magic:  8/8        EV:  9    Int:  7 (9)  God:
Gold:   217        SH:  0    Dex: 11 (13) Spells: 6/6 levels left

rFire    . . .     GDR:     26% m - +0 morningstar
rCold    . . .     SeeInvis .   (no shield)
rNeg     . . .     Gourm    .   b - +0 scale mail
rPois    .         Faith    .   (no helmet)
rElec    .         Spirit   .   (no cloak)
rCorr    .         Reflect  .   p - +1 pair of gloves
MR       .....                  (no boots)
Stlth    ..........             (no amulet)
HPRegen  0.19/turn              (no ring)
MPRegen  0.11/turn              (no ring)

@: confused, lethally poisoned (0 -> -22)
A: yellow scales 2, foul stench 1, rot immunity
a: no special abilities


You were on level 4 of the Dungeon.
You were near starving.

You visited 1 branch of the dungeon, and saw 4 of its levels.

You collected 217 gold pieces.

Inventory:

Hand Weapons
 m - a +0 morningstar (weapon)
Missiles
 a - 149 arrows
Armour
 b - a +0 scale mail (worn)
 c - a +0 medium shield
 p - a +1 pair of gloves (worn)
 r - the +0 ring mail of Inaction {-Tele Str+8 Dex+6 Stlth-}
   (You took it off a kobold on level 4 of the Dungeon)

   It affects your strength (+8).
   It affects your dexterity (+6).
   It prevents most forms of teleportation.
   It makes you less stealthy.
Scrolls
 d - 2 scrolls of amnesia {unknown}
 g - 2 scrolls of teleportation
 o - 3 scrolls of remove curse
 q - a scroll of revelation {unknown}
Potions
 f - 3 potions of ambrosia
 h - a potion of flight {unknown}
 i - a potion of brilliance {unknown}
 k - 2 potions of haste {unknown}
 l - a potion of heal wounds
 n - 2 potions of curing
 s - a potion of mutation {unknown}
Comestibles
 e - 9 rations {!d}


   Skills:
 + Level 4.4 Fighting
 * Level 5.4 Maces & Flails
 + Level 3.8 Armour
 + Level 1.1 Dodging
 + Level 0.3 Stealth
 - Level 2.6 Shields


You had 6 spell levels left.
You didn't know any spells.
Your spell library was empty.

Dungeon Overview and Level Annotations

Branches:
Dungeon (4/12)
 Temple: D:4-7

Altars:
Fedhas
Hepliaklqana
Nemelex Xobeh


Innate Abilities, Weirdness & Mutations

You are mostly covered in yellow scales. (AC +3)
You may emit foul miasma when damaged in melee.
You are immune to rotting.


Message History

You feel very sick. The kobold barely misses you.
The kobold hits you but does no damage.
The hobgoblin hits you but does no damage.
The kobold brigand hits you but does no damage.
The kobold hits you but does no damage. The kobold barely misses you.
The kobold brigand hits you but does no damage.
The kobold barely misses you. The kobold hits you.
* * * LOW HITPOINT WARNING * * *
The kobold barely misses you.
You miss the kobold.
* * * LOW HITPOINT WARNING * * *
You feel sick.
The kobold brigand hits you but does no damage.
The kobold barely misses you.
The hobgoblin hits you but does no damage.
The kobold closely misses you.
The kobold brigand hits you from afar with a +3 trident.
* * * LOW HITPOINT WARNING * * *
The kobold hits you but does no damage. The kobold hits you.
You die...

############ ########
.....#.....## ##......#
.....'......###.......#
######..(....#........##
.............#.KKK......
)............'.K@g......
...).........#.KK)......
######.......#)...K...##
.....'......###.......# #≈≈≈≈≈≈
.....#.....## ##......# #≈≈≈≈≈≈
####################### #≈≈≈≈≈≈
≈≈≈≈≈≈≈≈≈≈≈≈≈≈≈≈≈≈≈≈≈≈#####≈≈≈≈≈≈
≈≈≈≈≈≈≈≈≈≈≈≈≈≈≈≈≈≈≈≈≈≈≈≈≈≈≈≈≈≈≈≈≈
≈≈≈≈≈≈≈≈≈≈≈≈≈≈≈≈≈≈≈≈≈≈≈≈≈≈≈≈≈≈≈≈≈


You could see 2 kobold brigands, a hobgoblin and 5 kobolds.

Vanquished Creatures
  An ogre (D:3)
  A kobold brigand (D:4)
  2 howler monkeys (D:4)
  2 crimson imps
  A hound (D:3)
  An iguana (D:4)
  A worker ant (D:4)
  3 gnolls
  5 adders
  2 adder skeletons
  3 worms
  3 dart slugs
  2 leopard geckos (D:1)
  3 orcs
  2 giant cockroaches
  8 hobgoblins
  6 jackals
  A quokka (D:1)
  5 bats
  5 frilled lizards
  6 goblins
  39 kobolds
  6 rats
108 creatures vanquished.

Notes
Turn   | Place    | Note
-------+----------+-------------------------------------------
     0 | D:1      | yrara the Demonspawn Fighter began the quest for the Orb.
     0 | D:1      | Reached XP level 1. HP: 18/18 MP: 2/2
    83 | D:1      | Reached skill level 2 in Maces & Flails
   128 | D:1      | Gained mutation: You are partially covered in yellow
                  | scales. (AC +2) [demonic ancestry]
   128 | D:1      | Reached XP level 2. HP: 23/24 MP: 3/3
   413 | D:1      | Gained mutation: You are immune to rotting. [demonic
                  | ancestry]
   413 | D:1      | Reached XP level 3. HP: 28/29 MP: 4/4
   698 | D:2      | Got a clouded wooden ring
   714 | D:2      | Identified the cursed ring "Mimigrac" {Int+3 Stlth--} (You
                  | found it on level 2 of the Dungeon)
  1229 | D:2      | Reached skill level 3 in Maces & Flails
  1229 | D:2      | Reached XP level 4. HP: 34/35 MP: 5/5
  1384 | D:2      | Found a blossoming altar of Fedhas.
  1434 | D:2      | Found a sparkling altar of Nemelex Xobeh.
  1435 | D:2      | Found a hazy altar of Hepliaklqana.
  2331 | D:3      | Gained mutation: You may emit foul miasma when damaged in
                  | melee. [demonic ancestry]
  2331 | D:3      | Reached XP level 5. HP: 42/42 MP: 6/6
  2766 | D:4      | Reached skill level 4 in Maces & Flails
  2838 | D:4      | Noticed an ogre
  2841 | D:4      | Gained mutation: You are mostly covered in yellow scales.
                  | (AC +3) [demonic ancestry]
  2841 | D:4      | Reached XP level 6. HP: 23/48 MP: 7/7
  3061 | D:4      | Identified the +0 ring mail of Inaction {-Tele Str+8 Dex+6
                  | Stlth-}
  3210 | D:4      | Reached skill level 5 in Maces & Flails
  3513 | D:4      | Reached skill level 1 in Dodging
  3756 | D:4      | Reached XP level 7. HP: 28/55 MP: 8/8
  3759 | D:4      | HP: 2/55 [kobold/+2 short sword of venom (2)]
  3761 | D:4      | Slain by a kobold

Skill      XL: |  1  2  3  4  5  6 |
---------------+-------------------+-----
Maces & Flails | 2 3 4 5 |  5.4
Armour         | 3 |  3.8
Fighting       | 4 |  4.4
Dodging        | 1 |  1.1
Stealth        | |  0.3
Shields        | |  2.6

Action                   |  1- 3 |  4- 6 |  7- 9 || total
-------------------------+-------+-------+-------++-------
Melee: Flail             |   193 |     1 |       ||   194
       Morningstar       |       |   228 |     5 ||   233
       Mace              |       |    10 |       ||    10
  Use: Scroll            |     4 |     4 |       ||     8
       Potion            |       |     6 |     1 ||     7
  Eat: Chunk             |     7 |    14 |       ||    21
Armor: Scale mail        |   110 |   293 |    27 ||   430
Dodge: Dodged            |   116 |   266 |    16 ||   398
